 Dungeon Crawl Stone Soup version 0.26-b1-32-g5d43845318 (webtiles) character file.

Game seed: 2253442377853714294

454 MajorAdolf the Sneak (level 7, -1/61 HPs)
             Began as a Naga Wanderer on Jan 6, 2021.
             Killed from afar by an orc wizard (3 damage)
             ... with a magic dart
             ... on level 5 of the Dungeon.
             The game lasted 00:10:56 (4814 turns).

MajorAdolf the Sneak (Naga Wanderer)                Turns: 4814, Time: 00:10:56

Health: -1/61      AC:  3    Str: 13 (15) XL:     7   Next: 5%
Magic:  0/7        EV:  8    Int: 10 (12) God:
Gold:   203        SH: 10    Dex: 10 (12) Spells: 6/6 levels left

rFire    + . .     SeeInvis +   a - +2 falchion
rCold    + + .     Faith    .   p - +1 kite shield
rNeg     . . .     Spirit   +   d - +0 robe
rPois    +         Reflect  .   (no helmet)
rElec    +         Harm     .   (no cloak)
rCorr    +         Rampage  .   (no gloves)
Will     .....                  (no barding)
Stlth    +++.......             j - amulet of guardian spirit
HPRegen  0.20/turn              k - ring of protection from cold
MPRegen  0.10/turn              (no ring)

@: short of breath, resistant, very slow
A: large, see invisible, deformed body, poison resistance, slowness 2, spit
poison 1, AC +2
a: Spit Poison


You were on level 5 of the Dungeon.
You visited 1 branch of the dungeon, and saw 5 of its levels.

You collected 203 gold pieces.

Inventory:

Hand Weapons
 a - a +2 falchion (weapon)
 e - a +0 dagger
 f - a +0 dagger of pain
Missiles
 h - 19 poisoned darts (quivered)
 o - a throwing net
Armour
 d - a +0 robe (worn)
 p - a +1 kite shield (worn)
 r - +0 ice dragon scales
Jewellery
 j - an amulet of guardian spirit (around neck)
 k - a ring of protection from cold (left hand)
Scrolls
 i - a scroll of teleportation {unknown}
 l - 2 scrolls of amnesia
 n - a scroll of remove curse
 q - a scroll of immolation
Potions
 b - 3 potions of cancellation
 c - a potion of lignification
 g - a potion of might
 m - a potion of haste
 u - a potion of mutation {unknown}
 v - a potion of ambrosia {unknown}


   Skills:
 - Level 2.4 Fighting
 - Level 2.0 Long Blades
 - Level 1.5 Dodging
 - Level 7.2 Stealth
 + Level 5.4 Shields


You had 6 spell levels left.
You didn't know any spells.
Your spell library was empty.

Dungeon Overview and Level Annotations

Branches:
Dungeon (5/15)
 Temple: D:4-7

Altars:
Elyvilon
Kikubaaqudgha
Nemelex Xobeh

Annotations:
D:3 exclusions: downstairs and ice beast
D:4 exclusion: ogre


Innate Abilities, Weirdness & Mutations

You cannot wear boots.
Your serpentine skin is tough. (AC +2)
You have supernaturally acute eyesight. (SInv)
Armour fits poorly on your strangely shaped body.
Your system is resistant to poisons. (rPois)
You cover ground very slowly.
You can spit poison.


Message History

You kill the orc priest!
You block the orc wizard's attack.
You have reached level 7!
Press: ? - help, Shift-Dir - straight line, f - orc wizard
Aim: an orc wizard, wielding a +0 dagger and wearing a +0 robe (moderately wounded, poisoned)
The splash of poison misses the orc wizard.
The orc wizard casts a spell at you. The magic dart hits you!
* * * LOW HITPOINT WARNING * * *
It was a potion of resistance.
You feel protected.
The orc wizard looks more healthy.
You block the orc wizard's attack.
Unknown command.
Unknown command.
It was a potion of degeneration.
There was something very wrong with that liquid.
You feel weakened.
You feel dopey.
You feel clumsy. The orc wizard casts a spell at you. The magic dart hits you.
You die...

...##.# ...##.#
#(# ......# #(#
....)....... #.#
......#.#### #.#
###...#.# #(# .. #
#...# # #(# #. #
##### #)# #######
.## #@# #.....#
..# #o# #.....#
#.# #.# #.....#
#.#
#.######.....###.#
#.................
########.....####.
####### ##. #..
#.#


You could see an orc wizard.

Vanquished Creatures
  An ice beast (D:3)
  3 orc priests
  2 orc wizards
  A bullfrog skeleton (D:5)
  An iguana (D:5)
  6 adders
  A shadow imp (D:5)
  An ooze (D:1)
  2 ufetubi
  A worm (D:2)
  3 dart slugs
  2 leopard geckos
  10 orcs
  7 bats
  A giant cockroach (D:1)
  8 goblins
  9 hobgoblins
  2 quokkas
  5 frilled lizards
  A giant cockroach zombie (D:5)
  7 kobolds
  6 rats
80 creatures vanquished.

Notes
Turn   | Place    | Note
-------+----------+-------------------------------------------
     0 | D:1      | MajorAdolf the Naga Wanderer began the quest for the Orb.
     0 | D:1      | MajorAdolf set off with the following items: a +2 falchion,
                  | a potion of lignification, a potion of curing, a +0 robe, a
                  | +0 dagger
     0 | D:1      | Reached XP level 1. HP: 18/18 MP: 1/1
   109 | D:1      | Reached XP level 2. HP: 22/26 MP: 2/2
   660 | D:1      | Reached XP level 3. HP: 15/33 MP: 3/3
   662 | D:1      | Reached skill level 1 in Shields
  1025 | D:2      | Found a white marble altar of Elyvilon.
  1372 | D:2      | Found an ancient bone altar of Kikubaaqudgha.
  1574 | D:2      | Reached XP level 4. HP: 38/40 MP: 4/4
  2118 | D:3      | Noticed an ice beast
  2120 | D:3      | Noticed an ice beast
  2147 | D:3      | Killed an ice beast
  2148 | D:3      | Reached XP level 5. HP: 5/46 MP: 5/5
  3013 | D:4      | Noticed an ogre
  3083 | D:3      | Reached XP level 6. HP: 32/55 MP: 4/6
  4253 | D:4      | Found a sparkling altar of Nemelex Xobeh.
  4561 | D:5      | Entered Level 5 of the Dungeon
  4614 | D:5      | Reached skill level 5 in Shields
  4812 | D:5      | Reached XP level 7. HP: 6/61 MP: 2/7
  4812 | D:5      | HP: 1/61 [orc wizard/magic dart (5)]
  4814 | D:5      | Killed from afar by an orc wizard

Illustrated notes

Levels and vault maps discovered:
D:1:      dpeg_arrival_tiny_d, layout_loops_cross, serial_park_tiny_1,
          st_stairs_3, minmay_tetromino_s4
D:2:      layout_rooms, old_standard_altar, kiku_gazebo_pond_becter
D:3:      layout_basic
D:4:      layout_rooms, nemelex_altar_shiori, serial_curves, eino_curves_04,
          eino_curves_02, minmay_misc_feat_diagonals
D:5:      layout_basic, enter_ossuary_4, serial_shops, shop, uniq_edmund

Skill      XL: |  1  2  3  4  5  6 |
---------------+-------------------+-----
Fighting       | 2 |  2.4
Shields        | 2 3 4 5 |  5.4
Long Blades    | |  2.0
Dodging        | |  1.5
Stealth        | |  7.2

Action                   |  1- 3 |  4- 6 |  7- 9 || total
-------------------------+-------+-------+-------++-------
Melee: Falchion          |    83 |   158 |       ||   241
Throw: Dart              |       |    35 |       ||    35
 Abil: Spit Poison       |     7 |    24 |     1 ||    32
  Use: Potion            |       |     2 |     2 ||     4
       Scroll            |       |     9 |       ||     9
 Stab: Sleeping          |    17 |     5 |       ||    22
Armor: Robe              |    16 |    19 |       ||    35
       Skin              |       |    10 |       ||    10
Dodge: Dodged            |    33 |    64 |       ||    97
Block: Kite shield       |    12 |   100 |     1 ||   113
       Rpst.: Falchion   |     9 |    16 |       ||    25
